AoeStats
← 伐木人

Arena

510515509Analyzed
4v4 RM · 1d ago on Oct 1, 2026· 50m 25s· 8 players
Game mode
Random Map
Map size
Large (8 player)
Population
200
Speed
Normal
Resources
Standard
Victory
Conquest
Starting age
Dark Age
Ending age
Imperial Age
RankedLock teamsTeams togetherTeam positionsShared explorationLock speedFull tech treeHidden civsTurbo modeCheats
Victory
Defeat
🇳🇱 Saxons · Netherlands
939
+20
🇨🇳 Magyars · China
897
+11
🇹🇷 Cumans · Türkiye
884
+12
🇺🇦 Teutons · Ukraine
660
+21
🇷🇴 Bengalis · Romania
830
-15
🇰🇼 Huns · Kuwait
804
-14
🇨🇳 Vietnamese · China
772
-13
🇺🇸 Mongols · United States
742
-12
Dora Explora
7:28 Loom
7:37 Loom
9:23 Feudal Age
10:36 Double-Bit Axe
10:32 Horse Collar
13:24 Wheelbarrow
17:50 Castle Age
18:41 Bow Saw
26:55 Hand Cart
31:20 Imperial Age
30:19 Heavy Plow
30:10 Gold Mining
30:13 Stone Mining
32:13 Gold Shaft Mining
32:13 Stone Shaft Mining
32:11 Fletching
32:22 Padded Archer Armor
34:04 Caravan
34:03 Elite Mangudai
35:04 Conscription
35:20 Hoardings
36:07 Chemistry
38:29 Thumb Ring
38:27 Husbandry
38:37 Bloodlines
38:25 Bodkin Arrow
38:46 Leather Archer Armor
38:55 Ballistics
43:15 Bracer
43:32 Fortified Wall
43:18 Murder Holes
43:28 Siege Engineers
43:49 Drill
43:30 Nomads
JOE
0:30 Loom
12:06 Feudal Age
18:43 Castle Age
17:42 Horse Collar
17:51 Double-Bit Axe
18:16 Gold Mining
19:22 Wheelbarrow
20:19 Hand Cart
24:03 Stone Mining
33:23 Imperial Age
30:50 Treadmill Crane
31:21 Masonry
31:32 Ballistics
30:38 Elite Skirmisher
32:32 Caravan
33:03 Padded Archer Armor
32:54 Fletching
33:12 Thumb Ring
33:32 Heavy Plow
33:54 Bow Saw
33:43 Imperial Skirmisher
37:20 Chemistry
roLynxLynx
9:21 Loom
11:07 Feudal Age
13:03 Horse Collar
13:10 Double-Bit Axe
18:12 Castle Age
22:06 Heavy Plow
25:10 Bow Saw
28:32 Wheelbarrow
28:41 Murder Holes
28:57 Masonry
30:09 Husbandry
33:12 Imperial Age
31:31 Forging
31:26 Scale Barding Armor
31:11 Fletching
32:33 Bloodlines
33:04 Iron Casting
32:34 Scale Barding Armor
32:49 Masonry
35:02 Conscription
35:34 Architecture
41:15 Mahayana
41:40 Crop Rotation
42:18 Pikeman
42:59 Squires
42:44 Arson
44:16 Paiks
43:51 Elite Skirmisher
44:50 Bodkin Arrow
44:55 Padded Archer Armor
45:00 Halberdier
45:43 Scale Mail Armor
45:36 Light Cavalry
47:38 Ballistics
47:21 Bracer
47:21 Padded Archer Armor
47:37 Chain Mail Armor
47:45 Imperial Skirmisher
jasem-1970
12:04 Feudal Age
13:58 Double-Bit Axe
14:00 Horse Collar
16:31 Castle Age
14:42 Gold Mining
14:44 Stone Mining
18:21 Bow Saw
19:12 Heavy Plow
27:57 Imperial Age
25:34 Fletching
26:33 Padded Archer Armor
26:29 Bodkin Arrow
27:50 Leather Archer Armor
27:40 Scale Barding Armor
27:47 Forging
28:05 Scale Mail Armor
29:00 Heavy Cavalry Archer
30:05 Chain Barding Armor
31:06 Chemistry
30:29 Light Cavalry
31:26 Bracer
33:29 Plate Barding Armor
33:40 Iron Casting
34:58 Chain Mail Armor
34:32 Hussar
36:16 Gold Shaft Mining
37:28 Blast Furnace
He
1:03 Loom
12:09 Feudal Age
13:23 Double-Bit Axe
21:42 Castle Age
19:31 Horse Collar
19:54 Stone Mining
20:43 Gold Mining
25:27 Bow Saw
33:14 Imperial Age
31:30 Caravan
32:21 Heavy Plow
33:03 Forging
32:59 Scale Barding Armor
34:02 Wheelbarrow
33:17 Town Watch
34:32 Iron Casting
34:38 Stone Shaft Mining
33:37 Cavalier
34:28 Bloodlines
34:41 Conscription
35:00 Chain Barding Armor
36:04 Hand Cart
37:54 Plate Barding Armor
39:12 Paladin
40:27 Fortified Wall
42:24 Ironclad
42:26 Crenellations
42:01 Fletching
44:51 Crop Rotation
50:43 Two-Man Saw
50:07 Guilds
50:29 Siege Engineers
50:46 Ballistics
Behemoth
11:29 Feudal Age
13:27 Wheelbarrow
13:25 Double-Bit Axe
13:22 Horse Collar
16:05 Stone Mining
16:07 Gold Mining
17:06 Man-at-Arms
23:42 Castle Age
25:42 Bow Saw
26:38 Gold Shaft Mining
26:42 Wheelbarrow
26:38 Caravan
27:30 Heavy Plow
28:55 Fortified Wall
29:33 Murder Holes
31:58 Treadmill Crane
32:30 Masonry
33:29 Scale Mail Armor
33:39 Forging
33:35 Scale Barding Armor
33:30 Padded Archer Armor
33:21 Fletching
37:03 Imperial Age
35:10 Hand Cart
34:22 Crossbowman
35:46 Chain Mail Armor
36:06 Iron Casting
36:02 Ballistics
35:33 Heated Shot
35:35 Guard Tower
37:18 Sappers
38:09 Conscription
37:30 Heavy Mounted Crossbowman
39:54 Elite Hearth Troop
42:06 Crop Rotation
44:09 Thumb Ring
43:46 Cranequins
45:52 Leather Archer Armor
45:32 Bodkin Arrow
46:08 Plate Mail Armor
45:58 Chain Barding Armor
46:24 Shield Wall
48:21 Arbalester
Get Rekt
2:27 Loom
13:21 Feudal Age
14:18 Double-Bit Axe
14:13 Horse Collar
19:04 Castle Age
19:23 Stone Mining
19:23 Gold Mining
21:57 Wheelbarrow
23:24 Gold Mining
24:11 Bow Saw
25:18 Steppe Husbandry
26:36 Fletching
26:57 Padded Archer Armor
27:45 Heavy Plow
28:45 Ballistics
28:21 Murder Holes
29:13 Bodkin Arrow
29:33 Leather Archer Armor
34:16 Imperial Age
32:28 Thumb Ring
33:48 Gold Shaft Mining
33:01 Elite Skirmisher
34:25 Hand Cart
33:55 Town Watch
36:10 Bloodlines
36:46 Forging
38:06 Conscription
37:48 Cuman Mercenaries
38:32 Parthian Tactics
39:20 Chemistry
39:34 Crop Rotation
40:07 Two-Man Saw
39:55 Elite Kipchak
41:34 Scale Barding Armor
42:00 Ring Archer Armor
42:06 Iron Casting
41:32 Scale Mail Armor
42:21 Elite Steppe Lancer
44:32 Chain Barding Armor
47:34 Plate Barding Armor
47:59 Blast Furnace
伐木人
3:32 Loom
11:23 Feudal Age
15:30 Castle Age
13:55 Double-Bit Axe
18:23 Wheelbarrow
18:26 Loom
22:25 Horse Collar
24:58 Bow Saw
27:34 Hand Cart
31:43 Imperial Age
29:59 Corvinian Army
30:28 Heated Shot
30:18 Treadmill Crane
31:01 Ballistics
30:25 Treadmill Crane
31:18 Heavy Plow
32:52 Conscription
33:20 Gold Mining
33:21 Stone Mining
33:39 Scale Barding Armor
36:15 Parthian Tactics
36:24 Town Watch
37:00 Chain Barding Armor
37:16 Capped Ram
39:15 Crop Rotation
39:00 Heavy Scorpion
40:43 Recurve Bow
42:20 Ballistics
43:01 Chemistry
42:37 Plate Barding Armor
42:03 Scale Mail Armor
41:54 Fletching
45:59 Chain Mail Armor
45:42 Bodkin Arrow
45:48 Padded Archer Armor
48:13 Caravan
48:52 Elite Magyar Huszar
49:50 Heavy Cavalry Archer
Connection lost

Rejoining the realm…

Still unreachable

The connection could not be restored.

Session expired

The server has moved on; the page needs a fresh start.